Map: 2000 Atmospheres LE

Players

A.I. 1 (Very Easy) - Winner!

  • Race: Terran Terran

Salieri

  • Race: Protoss Protoss

VOD

Have the link to the VOD?

Description

Time

  • Played on: May 2, 2022, 8:36 a.m.
  • Length: 8:14
Show
View Real Time Build Order
Export as new Build Order

A.I. 1 (Very Easy) Terran - Winner!

Build Orders:  

Get SALT Encoding   

  12  0:00  SCV  
  13  0:13  SCV  
  14  0:18  Supply Depot  
  14  0:37  Refinery  
  14  0:43  Barracks  
  14  1:02  Supply Depot  
  14  1:11  Refinery  
  14  1:30  Marine  
  15  1:32  Orbital Command  
  15  1:49  Barracks Tech Lab  
  15  1:59  SCV  
  16  2:11  SCV  
  16  2:14  Marine  
  18  2:23  SCV  
  19  2:35  SCV  
  20  2:47  SCV  
  21  2:59  Marauder, SCV  
  24  6:34  SCV  
  24  6:35  Marine  
  24  6:37  Supply Depot  
  24  6:39  Factory  
  26  6:40  Command Center  
  26  6:46  SCV  
  27  6:59  Supply Depot, SCV  
  28  7:07  Marine  
  29  7:11  SCV  
  26  7:23  SCV  
  26  7:27  Starport  
  27  7:40  Marine  
  28  7:52  SCV  
  29  7:59  SCV  
  29  8:01  Refinery  
  29  8:03  Refinery  
  29  8:04  Starport Tech Lab  
Show
View Real Time Build Order
Export as new Build Order

Salieri Protoss 

Build Orders: 1 Gate Expand, Colossus Rush 

Get SALT Encoding   

  12  0:00  Probe  
  13  0:12  Probe  
  14  0:17  Pylon  
  14  0:24  Probe  
  15  0:36  Gateway  
  15  0:37  Probe  
  16  0:49  Probe  
  17  1:09  Nexus  
  17  1:14  Assimilator  
  17  1:17  Probe  
  18  1:27  Cybernetics Core  
  18  1:31  Probe (Chrono Boost)  
  20  1:40  Probe (Chrono Boost)  
  20  1:42  Pylon  
  20  1:45  Probe (Chrono Boost)  
  20  1:51  Assimilator  
  21  1:57  Probe  
  22  2:01  Adept (Chrono Boost)  
  22  2:06  Warp Gate  
  24  2:09  Probe (Chrono Boost)  
  25  2:21  Probe (Chrono Boost)  
  27  2:24  Stalker, Probe (Chrono Boost)  
  30  2:30  Probe (Chrono Boost)  
  30  2:31  Probe (Chrono Boost)  
  30  2:36  Probe x2 (Chrono Boost)  
  33  2:47  Probe  
  33  2:48  Probe  
  33  2:51  Robotics Facility  
  35  2:55  Pylon  
  35  3:00  Probe  
  35  3:01  Probe  
  37  3:12  Probe  
  38  3:13  Probe  
  38  3:14  Gateway  
  38  3:18  Gateway  
  39  3:24  Stalker, Probe  
  39  3:26  Probe  
  43  3:36  Probe  
  43  3:38  Observer, Probe  
  46  3:46  Nexus  
  46  3:48  Probe  
  47  3:50  Probe  
  47  3:53  Assimilator  
  48  3:56  Pylon  
  48  4:01  Robotics Bay  
  48  4:03  Probe  
  48  4:04  Probe  
  50  4:15  Stalker x2  
  50  4:16  Stalker  
  56  4:20  Pylon  
  56  4:22  Probe x2  
  58  4:28  Pylon  
  58  4:35  Probe  
  58  4:36  Probe  
  60  4:41  Stalker x3  
  66  4:48  Probe x2  
  66  4:51  Colossus (Chrono Boost)  
  68  4:59  Probe  
  75  5:01  Shield Battery  
  75  5:02  Probe  
  75  5:03  Probe  
  77  5:07  Shield Battery  
  77  5:11  Probe  
  77  5:12  Pylon  
  78  5:15  Probe x2  
  78  5:17  Pylon  
  80  5:21  Assimilator  
  80  5:23  Probe  
  80  5:27  Probe x2  
  80  5:28  Extended Thermal Lance (Chrono Boost)  
  83  5:33  Colossus (Chrono Boost)  
  89  5:39  Probe  
  89  5:40  Probe x2  
  92  5:46  Zealot x3  
  98  5:52  Pylon  
  98  5:54  Forge  
  98  5:55  Forge  
  98  6:00  Twilight Council  
  98  6:11  Protoss Ground Weapons Level 1 (Chrono Boost)  
  98  6:12  Protoss Ground Armor Level 1 (Chrono Boost)  
  98  6:16  Gateway x2  
  98  6:18  Gateway  
  98  6:20  Colossus  
  98  6:22  Gateway  
  98  6:24  Gateway  
  104  6:33  Charge (Chrono Boost)  
  104  6:39  Zealot x3  
  110  6:44  Pylon  
  110  6:46  Pylon  
  110  7:11  Zealot x5  
  110  7:13  Zealot  
  122  7:17  Zealot  
  124  7:22  Pylon  
  124  7:24  Probe  
  124  7:25  Pylon, Probe x2  
  124  7:26  Nexus  
  124  7:28  Pylon  
  127  7:33  Templar Archives  
  127  7:36  Warp Prism (Chrono Boost)  
  129  7:41  Dark Shrine  
  129  7:42  Sentry x3  
  129  7:43  Zealot x5  
  145  7:44  Probe x3  
  145  7:47  Assimilator  
  148  7:52  Assimilator  
  148  8:03  Zealot  
  148  8:04  Zealot x3  
Tags
 
Add a new tag
Caveats
  • Supply blocks, unpowered buildings, or Contaminate may cause inaccurate times.
  • Supply counts are checked every 10 seconds.